 Dungeon Crawl Stone Soup version 0.31-a0-981-geadf994542 (webtiles) character file.

Game seed: 13280613205173775725

30 Dittersdorf the Shield-Bearer (level 3, -1/24 HPs)
             Began as a Gargoyle Fighter on Nov 1, 2023.
             Slain by a goblin
             ... wielding a +0 dagger
             ... led by Robin
              (3 damage)
             ... on level 3 of the Dungeon.
             The game lasted 00:01:31 (1854 turns).

Dittersdorf the Shield-Bearer (Gargoyle Fighter)    Turns: 1854, Time: 00:01:32

Health: -1/24      AC: 10    Str: 27    XL:     3   Next: 20%
Magic:  3/3        EV:  9    Int:  8    God:
Gold:   93         SH:  8    Dex:  9    Spells: 2/2 levels left

rFire   . . .        a - +0 flail
rCold   . . .        n - +0 kite shield
rNeg    + . .        b - +0 scale mail
rPois   ∞            (no helmet)
rElec   +            (no cloak)
rCorr   +            (no gloves)
SInv    .            (no boots)
Will    .....        (no amulet) Stlth
                     g - ring of resist corrosion
HPRegen 0.24/turn    q - +6 ring of strength
MPRegen 0.08/turn

%: no passive effects
@: no status effects
A: sickness immunity, AC +3, negative energy resistance 1, electricity
resistance, torment resistance 1, petrification resistance
a: no special abilities


You were on level 3 of the Dungeon.
You visited 1 branch of the dungeon, and saw 3 of its levels.

You collected 93 gold pieces.

Inventory:

Hand Weapons
 a - a +0 flail (weapon)
Armour
 b - a +0 scale mail (worn)
 n - a +0 kite shield (worn)
Jewellery
 g - a ring of resist corrosion (left hand)
 o - a ring of positive energy
 q - a +6 ring of strength (right hand)
Scrolls
 c - a scroll of immolation {unknown}
 h - a scroll of fog {unknown}
 i - a scroll of identify {unknown}
 k - a scroll of teleportation {unknown}
 m - a scroll of noise {unknown}
 p - a scroll of acquirement {unknown}
Potions
 d - a potion of might
 e - a potion of heal wounds {unknown}
 f - a potion of ambrosia {unknown}
 j - a potion of degeneration {unknown}
 l - 2 potions of curing {unknown}


   Skills:
 + Level 3.6 Fighting
 + Level 2.4 Maces & Flails
 + Level 3.6 Armour
 + Level 3.7 Shields


You had 2 spell levels left.
You didn't know any spells.
Your spell library contained the following spells:

 Spells                   Type           Power      Damage    Failure   Level
 Ignite Poison            Fire/Tmut/Pois 0%         N/A       99%         3
 Sticky Flame             Conj/Fire      0%         2d3       100%        4
 Ignition                 Fire           0%         3d3       100%        8


Dungeon Overview and Level Annotations

Branches:
Dungeon (3/15)

Altars:

Shops:
D:2 (

Annotations:
D:3 Robin


Innate Abilities, Weirdness & Mutations

You are immune to sickness and miasma.
Your stone body is resilient. (AC +3)
You are immune to poison.
You resist negative energy. (rN+)
You are resistant to electric shocks. (rElec)
You are resistant to unholy torment.
You are immune to petrification.


Message History

You sock the goblin!
You kill the goblin!
The goblin hits you with a +0 club.
A goblin comes into view. It is wielding a +0 club.
The goblin hits you with a +0 club.
The goblin shouts!
Robin throws the goblin at you! You block the goblin's attack.
You see here a +1 dagger of venom.
You barely miss the goblin.
The goblin hits you but does no damage. x2
The goblin barely misses you. The goblin hits you but does no damage.
You block the goblin's attack. The goblin attacks as it pursues you!
The goblin hits you with a +0 club. Robin throws the goblin at you!
You closely miss the goblin. The goblin hits you with a +0 dagger.
The goblin hits you but does no damage. The goblin misses you.
The goblin hits you with a +0 dagger. The goblin hits you with a +0 club.
You miss the goblin. The goblin hits you with a +0 club.
You block the goblin's attack. The goblin hits you with a +0 club.
* * * LOW HITPOINT WARNING * * *
Robin throws the goblin at you!
* * * LOW HITPOINT WARNING * * *
The goblin hits you with a +0 dagger.
* * * LOW HITPOINT WARNING * * *
The goblin barely misses you. The goblin hits you but does no damage.
The goblin hits you with a +0 dagger.
* * * LOW HITPOINT WARNING * * *
You block the goblin's attack.
The goblin no longer looks unusually strong.
The goblin attacks as it pursues you! You block the goblin's attack.
Robin throws the goblin at you!
* * * LOW HITPOINT WARNING * * *
You barely miss the goblin.
The goblin hits you but does no damage. x2
You block the goblin's attack. The goblin hits you but does no damage.
Robin throws the goblin at you!
The goblin hits you but does no damage. x2
You block the goblin's attack.
The goblin hits you but does no damage. x2
You closely miss the goblin.
The goblin no longer looks unusually strong.
Robin throws the goblin at you! You block the goblin's attack.
The goblin hits you with a +0 dagger.
You die...

###..<##.#
#...)..).#
#.#.#......<.#
#............#
#...###...##.#
#.. #...# .#
#. #..## #
#..####gg###.#
#.....g@g....#
##.####gg#####
#gg# ###..#
#..g.# #)#.##
#g#.# #).#.
#g#.##


You could see Robin and 8 goblins.

Vanquished Creatures
  A dart slug (D:2)
  An orc (D:3)
  A ball python (D:1)
  3 endoplasms
  A giant cockroach (D:2)
  7 goblins
  3 hobgoblins
  2 bats
  A frilled lizard (D:1)
  3 kobolds (D:1)
  2 rats
25 creatures vanquished.

Notes
Turn   | Place    | Note
-------+----------+-------------------------------------------
     0 | D:1      | Dittersdorf the Gargoyle Fighter began the quest for the
                  | Orb.
     0 | D:1      | Reached XP level 1. HP: 14/14 MP: 1/1
   310 | D:1      | Reached XP level 2. HP: 10/19 MP: 2/2
  1210 | D:2      | Found a faded altar of an unknown god.
  1276 | D:2      | Found Loamoc's Weapon Emporium.
  1493 | D:2      | Reached XP level 3. HP: 23/23 MP: 3/3
  1839 | D:3      | Noticed Robin
  1854 | D:3      | Slain by a goblin

Illustrated notes

Levels and vault maps discovered:
D:1:      eino_arrival_tree_alley, layout_basic
D:2:      layout_basic, shapermc_ecumenical_altar_ellora, serial_shops, shop,
          fountainhead, kennysheep_minor_cross, minmay_distorted
D:3:      layout_loops_ring, lemuel_zombie_altar_yredelemnul,
          chequers_serial_rivers_marsh, minmay_misc_feat_encased, uniq_robin,
          uniq_natasha

Action                     || total
---------------------------++-------
  Melee: Flail             ||    92
 Armour: Scale mail        ||    82
  Dodge: Dodged            ||    32
  Block: Buckler           ||    15
         Kite shield       ||    15

Table legend: (Time is in decaauts)
 A = Elapsed time spent in this place.
 B = Non-inter-level travel time spent in this place.
 C = Inter-level travel time spent in this place.
 D = Time resting spent in this place.
 E = Time spent auto-exploring this place.
 F = Levels seen in this place.
 G = Mean time per level.
                   A        B        C        D        E       F      G
               +--------+--------+--------+--------+--------+-----+--------+
         Total |   1893 |   1834 |     59 |      0 |   1594 |   3 |  631.0 |
       Dungeon |   1893 |   1834 |     59 |      0 |   1594 |   3 |  631.0 |
               +--------+--------+--------+--------+--------+-----+--------+

Top non-repeatable levels by time:
     D:2: 951 daAuts
     D:1: 906 daAuts
     D:3: 36 daAuts
